 Dungeon Crawl Stone Soup version 0.24.0-13-gcf9b3192b9 (webtiles) character file.

Game seed: 5602273439876539943, levelgen mode: deterministic

291 Froggeryz the Chopper (level 6, -3/55 HPs)
             Began as a Deep Dwarf Fighter on Nov 6, 2019.
             Slain by an ogre
             ... wielding a +0 giant club
              (12 damage)
             ... on level 5 of the Dungeon.
             The game lasted 00:06:12 (1602 turns).

Froggeryz the Chopper (Deep Dwarf Fighter)          Turns: 1602, Time: 00:06:12

Health: -3/55      AC:  8    Str: 23 (24) XL:     6   Next: 10%
Magic:  5/5        EV:  8    Int:  7 (8)  God:
Gold:   111        SH:  9    Dex: 10 (13) Spells: 5/5 levels left

rFire    . . .     SeeInvis .   a - +0 war axe
rCold    + . .     Gourm    .   c - +0 shield
rNeg     . . .     Faith    .   d - +2 ring mail {rC+}
rPois    .         Spirit   .   (no helmet)
rElec    .         Reflect  .   u - scarf {cloud immunity}
rCorr    .         Harm     .   v - +0 pair of gloves {Str+3}
MR       .....                  (no boots)
Stlth    ..........             h - amulet of magic regeneration
HPRegen  0.00/turn              (no ring)
MPRegen  0.34/turn              (no ring)

@: non-regenerating
A: damage resistance, heal wounds, sense surroundings 1, no regeneration
a: Heal Wounds


You were on level 5 of the Dungeon.
You were not hungry.

You visited 1 branch of the dungeon, and saw 5 of its levels.

You collected 111 gold pieces.

Inventory:

Hand Weapons
 a - a +0 war axe (weapon)
Missiles
 i - 20 sling bullets
 p - 4 javelins (quivered)
 s - 8 boomerangs
Armour
 c - a +0 shield (worn)
 d - a +2 ring mail of cold resistance (worn)
 u - a scarf of cloud immunity (worn)
 v - a +0 pair of gloves of strength (worn)
Jewellery
 h - an amulet of magic regeneration (around neck)
Wands
 e - a wand of clouds (4)
Scrolls
 g - a scroll of amnesia
 j - a scroll of enchant armour {unknown}
 k - 2 scrolls of enchant weapon {unknown}
 l - 4 scrolls of identify {unknown}
 n - 2 scrolls of teleportation {unknown}
 o - a scroll of noise {unknown}
 q - a scroll of immolation {unknown}
 t - 2 scrolls of remove curse {unknown}
 w - a scroll of fear {unknown}
Potions
 b - 2 potions of brilliance
 m - a potion of degeneration
Comestibles
 f - 7 rations


   Skills:
 - Level 2.6 Fighting
 * Level 7.1 Axes
 - Level 3.2 Armour
 - Level 3.2 Shields


You had 5 spell levels left.
You didn't know any spells.
Your spell library was empty.

Dungeon Overview and Level Annotations

Branches:
Dungeon (5/15)
 Temple: D:4-7

Altars:
Trog


Innate Abilities, Weirdness & Mutations

You are resistant to damage.
You can heal yourself by infusing magical energy.
You passively map a small area around you.
You do not regenerate.


Message History

You closely miss the ogre.
The ogre is moderately wounded.
You block the ogre's attack.
Okay, then.
You feel much better.
Your shield prevents you from hitting the ogre.
The ogre is moderately wounded.
You hit the ogre. The ogre barely misses you.
The ogre hits you with a +0 giant club!
You hit the ogre.
The ogre is moderately wounded.
You hit the ogre. The ogre hits you with a +0 giant club.
The ogre hits you with a +0 giant club!
* * * LOW HITPOINT WARNING * * *
Unknown command.
You hit the ogre.
The ogre is moderately wounded.
You closely miss the ogre. The ogre barely misses you.
The ogre hits you with a +0 giant club!
You die...

* , ... ,
...* * #..
, ... , ,
,#.##,,..(.
, ,#..#
....< , ©*,
#..##.....
, , ,
,#..#......
*
,#.O.......
* , ,,#@O.#
+ ##...# ,
, ,
,#.......
,, ,
#........ ,
,#...###..
, , #.#.. *
# #.##.# *
* * #..,<#
* , * , ,


You could see 2 ogres.

Vanquished Creatures
  A scorpion (D:4)
  An iguana (D:4)
  A centaur skeleton (D:4)
  An orc wizard (D:4)
  Terence (D:3)
  6 adders
  An ooze (D:1)
  A worm (D:3)
  2 dart slugs
  8 orcs
  3 ball pythons
  5 bats
  A giant cockroach (D:4)
  2 goblins (D:3)
  8 hobgoblins
  6 jackals
  9 kobolds
  4 frilled lizards
  5 rats
66 creatures vanquished.

Notes
Turn   | Place    | Note
-------+----------+-------------------------------------------
     0 | D:1      | Froggeryz the Deep Dwarf Fighter began the quest for the
                  | Orb.
     0 | D:1      | Reached XP level 1. HP: 20/20 MP: 1/1
   152 | D:1      | Reached skill level 3 in Axes
   167 | D:1      | Reached XP level 2. HP: 21/27 MP: 2/2
   526 | D:2      | Reached skill level 4 in Axes
   526 | D:2      | Reached XP level 3. HP: 21/33 MP: 3/3
   584 | D:2      | Found a bloodstained altar of Trog.
   726 | D:3      | Noticed Terence
   732 | D:3      | Killed Terence
   732 | D:3      | Reached XP level 4. HP: 18/40 MP: 4/4
   776 | D:3      | Reached skill level 5 in Axes
  1040 | D:3      | Reached XP level 5. HP: 10/46 MP: 5/5
  1094 | D:4      | Reached skill level 6 in Axes
  1515 | D:4      | HP: 1/46 [iguana (3)]
  1521 | D:4      | Reached skill level 7 in Axes
  1521 | D:4      | Reached XP level 6. HP: 25/55 MP: 5/5
  1592 | D:5      | Entered Level 5 of the Dungeon
  1602 | D:5      | Slain by an ogre

Levels and vault maps discovered:
D:1:      matt_arrival_diagonals, layout_loops_ring
D:2:      minmay_evil_eye, layout_loops_ring, lightli_temple_of_fire
D:3:      layout_basic, first_ration, uniq_terence
D:4:      layout_basic
D:5:      gammafunk_cloud_chamber, layout_cave_pools, serial_gnoll_camp,
          gnoll_camp_mini_house, gnoll_camp_mini_house,
          gnoll_camp_mini_loothouse, gnoll_camp_huts_basic,
          gnoll_camp_mini_house, serial_shops, nicolae_shop_behind_doors,
          nicolae_shop_behind_doors, kennysheep_big_empty_room, uniq_ijyb,
          uniq_prince_ribbit1

Skill      XL: |  1  2  3  4  5 |
---------------+----------------+-----
Axes           | 3 4 5 7 |  7.1
Fighting       | |  2.6
Armour         | |  3.2
Shields        | |  3.2

Action                   |  1- 3 |  4- 6 || total
-------------------------+-------+-------++-------
Melee: War axe           |   110 |   125 ||   235
Throw: Javelin           |       |     2 ||     2
 Abil: Heal Wounds       |       |     3 ||     3
  Use: Potion            |     1 |     5 ||     6
       Scroll            |       |     1 ||     1
  Eat: Chunk             |       |     3 ||     3
Armor: Scale mail        |    61 |       ||    61
       Ring mail         |       |    45 ||    45
Dodge: Dodged            |    41 |    40 ||    81
Block: Shield            |    51 |    77 ||   128
